 Dungeon Crawl Stone Soup version 0.31.0-32-g396128a36d (webtiles) character file.

Game seed: 7831217714457881271

527 MollyMolluskus the Ruffian (level 7, -1/48 HPs)
             Began as an Octopode Fighter on Apr 13, 2024.
             Slain by Grinder (4 damage)
             ... while paralysed by Grinder
             ... on level 4 of the Dungeon.
             The game lasted 00:15:47 (3812 turns).

MollyMolluskus the Ruffian (Octopode Fighter)       Turns: 3812, Time: 00:15:48

Health: -1/48      AC:  1    Str: 20    XL:     7   Next: 23%
Magic:  7/7        EV:  2    Int: 10    God:
Gold:   1205       SH:  0    Dex: 11    Spells: 6/6 levels left

rFire   . .          .
                       - Unarmed
rCold   . . .        e - +0 buckler of Tomorrow {Fly Str+2 Stlth+}
rNeg    . . .        (helmet restricted)
rPois   .            (no amulet)
rElec   .            (no ring)
rCorr   .            (no ring)
SInv    .            (no ring)
Will    .....        (no ring)
Stlth   ++++         (no ring)
HPRegen 0.28/turn    (no ring)
MPRegen 0.10/turn    (no ring)
                     (no ring)

%: no passive effects
@: paralysed, flying
A: almost no armour, amphibious, 8 rings, camouflage 1, gelatinous body 1,
(nimble swimmer 1), tentacles
a: no special abilities


You were on level 4 of the Dungeon.
You visited 1 branch of the dungeon, and saw 4 of its levels.
You also visited: Sewer.

You collected 1205 gold pieces.

Inventory:

Hand Weapons
 b - a +3 dagger of electrocution
Missiles
 d - 34 stones (quivered)
 o - 6 poisoned darts
Armour
 e - the +0 buckler of Tomorrow (worn) {Fly Str+2 Stlth+}
   (You found it on level 2 of the Dungeon)

   Str+2:     It affects your strength (+2).
   Fly:       It grants you flight.
   Stlth+:    It makes you more stealthy.
Scrolls
 c - 2 scrolls of teleportation
 h - 2 scrolls of poison
 m - 5 scrolls of fog
 s - a scroll of blinking
Potions
 a - 2 potions of lignification {unknown}
 f - 3 potions of curing
 g - a potion of enlightenment {unknown}
 i - 2 potions of ambrosia
 j - 4 potions of haste
 k - a potion of invisibility {unknown}
 l - a potion of attraction {unknown}
 p - a potion of mutation {unknown}
 r - a potion of degeneration {unknown}
 t - 3 potions of might


   Skills:
 + Level 4.2 Fighting
 + Level 0.2 Short Blades
 + Level 4.2 Dodging
 + Level 3.9 Stealth
 - Level 4.0 Shields
 + Level 4.8 Unarmed Combat


You had 6 spell levels left.
You didn't know any spells.
Your spell library contained the following spells:

 Spells                   Type           Power      Damage    Failure   Level
 Apportation              Tloc           0%         N/A       43%         1
 Blink                    Tloc           0%         N/A       56%         2
 Jinxbite                 Hex            0%         N/A       56%         2
 Lesser Beckoning         Tloc           0%         N/A       56%         2
 Momentum Strike          Conj/Tloc      0%         3d8       56%         2
 Alistair's Intoxication  Alch           0%         N/A       100%        5


Dungeon Overview and Level Annotations

Branches:
Dungeon (4/15)              Sewer (visited)
 Temple: D:4-7

Altars:
Dithmenos
Uskayaw

Annotations:
D:4 Grinder


Innate Abilities, Weirdness & Mutations

You cannot wear most types of armour.
You are amphibious.
You can wear up to eight rings at the same time.
Your skin changes colour to match your surroundings (Stealth+).
Your rubbery body absorbs attacks. (AC +1, EV +1)
((You are camouflaged when in or above water. (Stealth+)))
You have tentacles for arms and can constrict up to eight enemies at once.


Message History

The helpless Grinder fails to defend herself.
You tentacle-slap Grinder but do no damage.
The orc shouts!
Your grab misses Grinder. Grinder gestures at you.
Pain shoots through your body!
Unknown command.
You tentacle-slap Grinder. You grab Grinder.
Grinder is lightly wounded.
You constrict Grinder.
Grinder blinks free!
You tentacle-slap the orc. You grab the orc. You squeeze the orc.
The orc is heavily wounded.
You constrict the orc. Grinder gestures at you. Pain shoots through your body!
The orc misses you.
You tentacle-slap the orc.
You kill the orc!
Grinder gestures at you. Pain shoots through your body!
Unknown command.
Grinder hits you.
You writhe in agony.
You tentacle-slap Grinder. You grab Grinder.
Grinder is lightly wounded.
You constrict Grinder, but do no damage.
You block Grinder's attack.
You tentacle-slap Grinder. You squeeze Grinder!
Grinder is heavily wounded.
You constrict Grinder. Grinder hits you.
You writhe in agony.
You barely miss Grinder.
Grinder is heavily wounded.
You constrict Grinder. Grinder gestures at you.
You suddenly lose the ability to move!
You lose your grip on Grinder.
Grinder hits you!
* * * LOW HITPOINT WARNING * * *
Grinder hits you.
* * * LOW HITPOINT WARNING * * *
You writhe in agony.
You die...
Grinder says, "Hey, I wasn't done torturing you yet!"

#.# #.# ######.#
.......##########
####............#
#.####.......# ####
#. ###.......# ...
#. #.........##)#
### #........5@..#
#...##.........####
#....†.........#
#...###........#
##. #..#$##.## #
#...<...#####
##.#.##.....#
#.#.##.†...#
#.#........#


You could see Grinder.

Vanquished Creatures
  2 bullfrogs (Sewer)
  An orc priest (D:3)
  A bombardier beetle (D:4)
  Jessica (D:2)
  Natasha (thrice) (D:2)
  5 river rats (Sewer)
  7 adders
  A dart slug (D:2)
  4 ribbon worms
  7 orcs
  13 ball pythons
  5 endoplasms
  8 giant cockroaches
  9 goblins
  9 hobgoblins
  9 jackals
  2 quokkas (D:1)
  5 bats
  4 frilled lizards
  3 kobolds
  21 rats
120 creatures vanquished.

Notes
Turn   | Place    | Note
-------+----------+-------------------------------------------
     0 | D:1      | MollyMolluskus the Octopode Fighter began the quest for the
                  | Orb.
     0 | D:1      | Reached XP level 1. HP: 16/16 MP: 1/1
   111 | D:1      | Reached XP level 2. HP: 18/21 MP: 2/2
   158 | D:1      | You fall into a shaft and drop 1 floor!
   300 | D:2      | Reached skill level 1 in Stealth
   376 | D:2      | Reached XP level 3. HP: 19/26 MP: 3/3
   841 | D:1      | Reached XP level 4. HP: 31/31 MP: 4/4
  1325 | D:2      | Noticed Natasha
  1334 | D:2      | Identified a scroll of acquirement
  1334 | D:2      | Acquired 972 gold pieces
  1363 | D:2      | Identified the +0 buckler of Tomorrow {Fly Str+2 Stlth+}
  1437 | D:2      | Killed Natasha
  1611 | D:2      | Noticed Jessica
  1618 | D:2      | Killed Jessica
  1742 | D:2      | Noticed Natasha
  1754 | D:2      | Killed Natasha
  1755 | D:2      | Reached XP level 5. HP: 21/36 MP: 5/5
  2286 | D:2      | Noticed Natasha
  2291 | D:2      | Killed Natasha
  2325 | D:3      | Found a shadowy altar of Dithmenos.
  2348 | D:3      | Found a glowing drain.
  2364 | Sewer    | Entered a sewer
  2659 | Sewer    | Reached XP level 6. HP: 43/43 MP: 6/6
  3008 | D:3      | Reached XP level 7. HP: 5/48 MP: 7/7
  3247 | D:3      | Noticed a +0 falchion
  3248 | D:3      | Noticed a +0 spear
  3249 | D:3      | Noticed a +0 falchion
  3264 | D:3      | Noticed a +0 short sword
  3265 | D:3      | Noticed a +0 spear
  3265 | D:3      | Noticed a +0 dagger
  3266 | D:3      | Noticed a +0 short sword
  3267 | D:3      | Noticed a +0 dagger
  3271 | D:3      | Found a hide-covered altar of Uskayaw.
  3791 | D:4      | Noticed Grinder
  3810 | D:4      | Paralysed by Grinder for 4 turns
  3812 | D:4      | Slain by Grinder

Illustrated notes

Levels and vault maps discovered:
D:1:      dpeg_arrival_prison, layout_basic
D:2:      layout_basic, nrook_loot_triangle, uniq_jessica, uniq_natasha
D:3:      layout_rooms, mainiacjoe_overflow_tiny_flanked,
          nicolae_uskayaw_en_pointe, cheibrodos_sewer_entry_drain, minmay_puff
D:4:      layout_loops_cross, minmay_temple_entry_fiery, uniq_blork_the_orc,
          uniq_crazy_yiuf_cottage, uniq_grinder

Skill      XL: |  1  2  3  4  5  6 |
---------------+-------------------+-----
Stealth        | 1 2 3 |  3.9
Unarmed Combat | 3 4 |  4.8
Fighting       | 4 |  4.2
Dodging        | 4 |  4.2
Shields        | 4 |  4.0
Short Blades   | |  0.2

Action                     |  1- 3 |  4- 6 |  7- 9 || total
---------------------------+-------+-------+-------++-------
  Melee: Unarmed           |    84 |   114 |    55 ||   253
         Tentacles         |    19 |    20 |     8 ||    47
         Constrict         |    18 |    34 |    14 ||    66
         Punch             |       |     1 |     1 ||     2
  Throw: Stone             |     2 |     2 |       ||     4
    Use: Scroll            |       |     6 |     6 ||    12
         Potion            |       |     2 |       ||     2
   Stab: Sleeping          |     6 |     3 |     8 ||    17
 Armour: Skin              |    24 |    58 |    21 ||   103
  Dodge: Dodged            |    46 |    76 |    22 ||   144
  Block: Buckler           |    15 |    22 |     7 ||    44
